 Dungeon Crawl Stone Soup version 0.29-a0-308-g4e025c60ea (webtiles) character file.

Game seed: 14007169917076071538

18 Ijustatesigmund the Sneak (level 2, -2/16 HPs)
             Began as a Gargoyle Wanderer on Mar 28, 2022.
             Slain by a gnoll
             ... wielding a +0 whip
              (3 damage)
             ... on level 1 of the Dungeon.
             The game lasted 00:01:36 (743 turns).

Ijustatesigmund the Sneak (Gargoyle Wanderer)        Turns: 743, Time: 00:01:37

Health: -2/16      AC:  7    Str: 13    XL:     2   Next: 70%
Magic:  2/3        EV: 11    Int: 10    God:
Gold:   39         SH:  0    Dex: 13    Spells: 2/3 levels left

rFire   . . .      SeeInvis .   a - +2 shortbow
rCold   . . .      Faith    .   (shield currently unavailable)
rNeg    + . .      Spirit   .   d - +0 leather armour
rPois   ∞          Reflect  .   (no helmet)
rElec   +          Harm     .   (no cloak)
rCorr   .          Rampage  .   b - +0 pair of gloves
Will    .....                   (no boots)
Stlth   ++........              (no amulet)
HPRegen 0.05/turn               (no ring)
MPRegen 0.08/turn               (no ring)

@: mighty, brilliant, very slightly contaminated
A: sickness immunity, AC +2, negative energy resistance 1, electricity
resistance, torment resistance 1, petrification resistance
a: no special abilities


You were on level 1 of the Dungeon.
You visited 1 branch of the dungeon, and saw 2 of its levels.

You collected 39 gold pieces.

Inventory:

Hand Weapons
 a - a +2 shortbow (weapon)
Armour
 b - a +0 pair of gloves (worn)
 d - a +0 leather armour (worn)
Magical Staves
 h - a staff of death
Scrolls
 e - 2 scrolls of identify {unknown}
Potions
 c - a potion of berserk rage
 f - a potion of cancellation {unknown}
 g - a potion of degeneration {unknown}
 i - a potion of might
 j - a potion of brilliance
 k - a potion of haste {unknown}


   Skills:
 + Level 1.6 Fighting
 - Level 3.0 Bows
 + Level 1.6 Armour
 - Level 1.0 Dodging
 - Level 4.3 Stealth
 - Level 1.0 Spellcasting
 - Level 1.0 Poison Magic


You had 2 spell levels left.
You knew the following spells:

 Your Spells              Type           Power      Damage    Failure   Level
a - Sting                 Tmut/Pois      8%         1d3       34%         1

Your spell library contained the following spells:

 Spells                   Type           Power      Damage    Failure   Level
 Spider Form              Tmut/Pois      2%         N/A       71%         3


Dungeon Overview and Level Annotations

Branches:
Dungeon (2/15)

Altars:


Innate Abilities, Weirdness & Mutations

You are immune to sickness and miasma.
Your stone body is resilient. (AC +2)
You are immune to poison.
You resist negative energy. (rN+)
You are resistant to electric shocks. (rElec)
You are resistant to unholy torment.
You are immune to petrification.


Message History

You shoot an arrow. The arrow closely misses the bat.
The ball python hisses angrily.
The bat closely misses you. The bat hits you but does no damage. x2
You climb upwards.
There is a stone staircase leading down here.
No target in view!
You climb downwards.
The bat barely misses you. The gnoll completely misses you.
The gnoll closely misses you. The bat closely misses you.
There is a stone staircase leading up here.
The bat closely misses you. The gnoll closely misses you.
The gnoll hits you with a +0 whip.
You climb upwards.
There is a stone staircase leading down here.
You shoot an arrow.
The arrow hits the gnoll but does no damage.
The bat barely misses you. The bat hits you but does no damage.
The gnoll hits you but does no damage. The gnoll hits you with a +0 flail!
Ouch! That really hurt!
The bat hits you but does no damage. The gnoll completely misses you.
The gnoll closely misses you.
It was a potion of might.
You feel very mighty all of a sudden.
The bat hits you but does no damage. x2; The gnoll barely misses you.
The gnoll closely misses you.
Aiming: Sting (safe; 34% risk of failure)
Press: ? - help, Q - select action, (/) - cycle Shift-Dir - straight line, f/p - gnoll
Aim: a gnoll, wielding a +0 whip (69% to hit)
You miscast Sting.
You are very lightly contaminated with residual magic.
Nothing appears to happen.
The bat hits you but does no damage. x2; The gnoll hits you with a +0 whip.
* * * LOW HITPOINT WARNING * * *
The gnoll hits you but does no damage.
It was a potion of brilliance.
You feel clever all of a sudden. The bat hits you but does no damage.
The bat closely misses you. The gnoll barely misses you.
The gnoll hits you with a +0 whip.
You die...

#...###...#.# #.#
######..#........# ######.#######
.....#.........#.# #.............
.....#....####.#.###.####.######.
.....#....................# #.
.....#...........#.#.####.# #.
.....#.............#.# ### #.
######.....##.#.g###############.
#...........#.#g@.b..............
#.#......#....###################
#..................# #.......
#.#...#÷###.######.# #.######
#.............# #.# #####.#.....
#.#...#.###.#.# #.# #........(..
#.......###.#.####.###.###.#.....
###.........#.......##.# #.#####.
#...........######.#...# #.# #.


You could see 2 gnolls and a bat.

Vanquished Creatures
  A bat (D:1)
  An endoplasm (D:1)
  2 giant cockroaches (D:1)
  2 goblins (D:1)
  A hobgoblin (D:1)
  A quokka (D:1)
  4 ball pythons (D:1)
  2 kobolds (D:1)
  A rat (D:1)
15 creatures vanquished.

Notes
Turn   | Place    | Note
-------+----------+-------------------------------------------
     0 | D:1      | Ijustatesigmund the Gargoyle Wanderer began the quest for
                  | the Orb.
     0 | D:1      | Ijustatesigmund set off with the following items: a +2
                  | shortbow, a +0 pair of gloves, a potion of berserk rage, a
                  | +0 leather armour; and the following spell memorised:
                  | Sting; and the following spells available to memorise:
                  | Spider Form
     0 | D:1      | Reached XP level 1. HP: 10/10 MP: 2/2
   130 | D:1      | Reached skill level 1 in Fighting
   130 | D:1      | Reached skill level 1 in Armour
   268 | D:1      | Reached XP level 2. HP: 16/16 MP: 3/3
   743 | D:1      | Slain by a gnoll

Illustrated notes

Levels and vault maps discovered:
D:1:      lemuel_arrival_hallway, layout_basic
D:2:      layout_basic, nicolae_ecumenical_lake_church, minivault_27

Skill      XL: |  1 |
---------------+----+-----
Fighting       | 1 |  1.6
Armour         | 1 |  1.6
Bows           | |  3.0
Dodging        | |  1.0
Stealth        | |  4.3
Spellcasting   | |  1.0
Poison Magic   | |  1.0

Action                   || total
-------------------------++-------
 Fire: Shortbow          ||    29
  Use: Potion            ||     2
Armor: Leather armour    ||    15
Dodge: Dodged            ||    16

Table legend: (Time is in decaauts)
 A = Elapsed time spent in this place.
 B = Non-inter-level travel time spent in this place.
 C = Inter-level travel time spent in this place.
 D = Time resting spent in this place.
 E = Time spent auto-exploring this place.
 F = Levels seen in this place.
 G = Mean time per level.
                   A        B        C        D        E       F      G
               +--------+--------+--------+--------+--------+-----+--------+
         Total |    755 |    723 |     32 |      0 |    627 |   2 |  377.5 |
       Dungeon |    755 |    723 |     32 |      0 |    627 |   2 |  377.5 |
               +--------+--------+--------+--------+--------+-----+--------+

Top non-repeatable levels by time:
     D:1: 749 daAuts
     D:2: 5 daAuts
